 Dungeon Crawl Stone Soup version 0.14.0-2-gd2dacb9 (webtiles) character file.

1493 Iskender the Scratcher (level 8, -4/34 HPs)
             Began as a Felid Chaos Knight on Apr 11, 2014.
             Was a Believer of Vehumet.
             Slain by an orc warrior
             ... wielding a +0,+0 flail
              (23 damage)
             ... on Level 7 of the Dungeon.
             The game lasted 00:52:07 (6561 turns).

Iskender the Scratcher (Felid Chaos Knight)         Turns: 6561, Time: 00:52:07

HP  -4/34        AC  5     Str  8      XL: 8   Next: 28%
MP   8/16        EV 23     Int 15      God: Vehumet [**....]
Gold 219         SH  0     Dex 19      Spells:  3 memorised,  6 levels left
Lives: 0, deaths: 2

rFire  . . .     SeeInvis +       - Unarmed
rCold  . . .     Clarity  .     (armour unavailable)
rNeg   . . .     Conserve .     (shield unavailable)
rPois  .         rCorr    .     (helmet unavailable)
rElec  .         rRot     .     (cloak unavailable)
SustAb . .       Spirit   .     (gloves unavailable)
rMut   .         Warding  .     (boots unavailable)
Saprov . . .     Stasis   .     (no amulet)
MR     +....                    d - +3 ring of dexterity
                                b - +3 ring of protection

@: very slightly contaminated, quick, somewhat resistant to hostile
enchantments, very stealthy
A: paw claws, no armour, no weapons or thrown items, fangs 3, see invisible,
carnivore 3, speed 1, shaggy fur 2, slow metabolism 1, jump 2
a: Jump Attack, Renounce Religion


You were on level 7 of the Dungeon.
You worshipped Vehumet.
Vehumet was pleased with you.
You were not hungry.

You visited 2 branches of the dungeon, and saw 8 of its levels.

You collected 219 gold pieces.

Inventory:

Missiles
 k - 14 arrows
 m - 29 stones
Magical devices
 v - a wand of polymorph (9)
Comestibles
 a - a cheese
 c - 3 meat rations
 j - 6 royal jellies
 A - 2 rotting chunks of jackal flesh
Scrolls
 f - 3 scrolls of teleportation
 i - 2 scrolls of fear
 p - a scroll of enchant armour {unknown}
 q - a scroll of magic mapping {unknown}
 s - 3 scrolls of remove curse {unknown}
 x - 3 scrolls of enchant weapon II {unknown}
Jewellery
 b - a +3 ring of protection (left paw)
 d - a +3 ring of dexterity (right paw)
 e - an uncursed ring of sustenance
 u - an uncursed ring of protection from cold
Potions
 g - 2 potions of might {unknown}
 h - a potion of heal wounds
 l - 2 potions of haste
 n - 2 potions of magic
 o - 2 potions of curing
 r - a potion of brilliance
 t - a potion of resistance
Books
 w - a book of War Chants

   Spells                             Type                      Level
   Fire Brand                         Charms/Fire                  2
   Freezing Aura                      Charms/Ice                   2
   Shroud of Golubria                 Charms/Translocation         2
   *Repel Missiles                    Charms/Air                   2
   Poison Weapon                      Charms/Poison                3
   Regeneration                       Charms/Necromancy            3


   Skills:
 - Level 3.0 Fighting
 - Level 6.9 Dodging
 - Level 5.7 Stealth
 - Level 7.3 Unarmed Combat
 - Level 1.5 Spellcasting
 - Level 4.8 Conjurations
 - Level 1.3 Charms
 + Level 2.6 Fire Magic
 - Level 1.5 Air Magic


You had 6 spell levels left.
You knew the following spells:

 Your Spells              Type           Power        Failure   Level  Hunger
a - Flame Tongue          Conj/Fire      ##...        6%          1    ##.....
d - Repel Missiles        Chrm/Air       #.....       21%         2    ###....
z - Shock                 Conj/Air       ##..         8%          1    ##.....


Dungeon Overview and Level Annotations

Branches:
Dungeon (7/15)             Temple (1/1) D:5

Altars:
Ashenzari
Cheibriados
Dithmenos
Elyvilon
Fedhas
Kikubaaqudgha
Makhleb
Okawaru
Sif Muna
Trog
Vehumet
Xom
Yredelemnul
Zin
The Shining One

Annotations:
D:5 exclusion: door
D:6 Sigmund
D:7 Dowan; Nowbl's ghost, average TeAE


Innate Abilities, Weirdness & Mutations

You cannot wear armour.
You are incapable of wielding weapons or throwing items.
Your paws have sharp claws.
You have razor-sharp teeth.
You have supernaturally acute eyesight.
You are carnivorous and can eat meat at any time.
You cover ground quickly.
You are covered in thick fur (AC +2).
You have a slow metabolism.
You can jump attack at a medium distance.


Message History

The flame tongue hits the orc warrior.
The orc warrior is severely wounded.
You see here a giant spiked club.
Casting: Flame Tongue
Confirm with . or Enter, or press ? or * to list all spells.
Aiming: Flame Tongue
Press: ? - help, Shift-Dir - straight line, f/p - orc warrior
Aim: an orc warrior, wielding a flail and wearing a chain mail (severely wounded)
The flame tongue hits the orc warrior.
The orc warrior is severely wounded.
You barely miss the orc warrior. Your bite misses the orc warrior.
The orc warrior is severely wounded.
You closely miss the orc warrior. Your bite misses the orc warrior.
The orc warrior is severely wounded.
The orc warrior hits you but does no damage.
You scratch the orc warrior but do no damage.
The orc warrior is severely wounded.
The orc barely misses you. The orc warrior hits you with a flail!
Ouch! That really hurt!
You die...

#.....# #.....# #.....#
#.....# #.....# #.....#
#.....# #.....# #.....#
#<....# #....)###
#.....#### #...)...##
#..........
#...###oo######.........
##.o##>##@)..............
#..###.###...............
#.####.####.............
#.#A.._..>#.............
#.####.####............
#..###.###o...........
##..##>##....>..#....
#...###........#...
#...o..........#..


You could see an orc warrior and an orc.

Vanquished Creatures
  A hungry ghost (D:7)
  Edmund (D:7)
  A phantom (D:3)
  3 ice beasts
  A sky beast (D:5)
  2 ogres
  A wight (D:6)
  4 crimson imps
  A gnoll shaman (D:7)
  2 orc priests
  3 hounds
  4 orc wizards
  2 worker ants
  A sky beast zombie (D:5)
  An ogre skeleton (D:6)
  8 adders
  6 gnolls
  A giant mite (D:3)
  2 shadow imps
  3 worms
  An adder skeleton (D:6)
  A giant eyeball (D:5)
  An ooze (D:3)
  20 orcs
  2 ball pythons
  15 bats
  A bat skeleton (D:4)
  4 giant cockroaches
  A gnoll zombie (D:5)
  10 goblins
  13 hobgoblins
  12 jackals
  12 kobolds
  4 quokkas
  6 giant geckos
  11 giant newts
  A kobold skeleton (D:5)
  An orc skeleton (D:5)
  12 rats
176 creatures vanquished.

Vanquished Creatures (collateral kills)
  Prince Ribbit (D:4)
  2 centaurs (D:5)
  Blork the orc (D:5)
4 creatures vanquished.

Grand Total: 180 creatures vanquished

Notes
Turn   | Place    | Note
--------------------------------------------------------------
     0 | D:1      | Iskender, the Felid Chaos Knight, began the quest for the Orb.
     0 | D:1      | Reached XP level 1. HP: 10/10 MP: 2/2
    90 | D:1      | Reached skill level 1 in Stealth
   226 | D:1      | Reached XP level 2. HP: 14/14 MP: 3/3
   514 | D:1      | XOM: divination: detect creatures
   548 | D:2      | XOM: enchant monster (bad)
   553 | D:2      | XOM: harmless Trmt miscast
   568 | D:2      | XOM: enchant monster (bad)
   573 | D:2      | XOM: potion effect (might)
   584 | D:2      | Reached skill level 4 in Stealth
   584 | D:2      | Reached XP level 3. HP: 17/17 MP: 5/5
   610 | D:2      | XOM: cast spell 'Beastly Appendage'
   970 | D:2      | Reached XP level 4. HP: 21/21 MP: 7/7
  1412 | D:3      | Noticed a phantom
  1507 | D:3      | HP: 1/21 [orc priest (2)]
  1508 | D:3      | Slain by an orc priest
  1509 | D:3      | Reached XP level 3. HP: 0/17 MP: 5/5
  1744 | D:3      | Reached XP level 4. HP: 21/21 MP: 7/7
  1886 | D:3      | XOM: divination: detect creatures
  1905 | D:3      | XOM: confuse monster(s)
  1915 | D:3      | Killed a phantom
  1915 | D:3      | Reached skill level 5 in Unarmed Combat
  1915 | D:3      | Reached XP level 5. HP: 10/24 MP: 8/8
  1922 | D:3      | XOM: 2-stop teleportation journey
  2082 | D:2      | XOM: god gift: 5 royal jellies
  2523 | D:3      | Reached skill level 6 in Unarmed Combat
  2575 | D:3      | XOM: enchant monster (good)
  2828 | D:4      | XOM: enchant monster (good)
  2837 | D:4      | Gained mutation: You are covered in thick fur (AC +2). [growing up]
  2837 | D:4      | Gained mutation: You can jump attack at a medium distance. [growing up]
  2837 | D:4      | Reached XP level 6. HP: 28/28 MP: 10/10
  3063 | D:4      | XOM: god gift: 14 bolts of frost
  3475 | D:4      | Noticed Prince Ribbit
  3547 | D:4      | Found a bloodstained altar of Trog.
  3550 | D:4      | Found a burning altar of Makhleb.
  3553 | D:4      | Found a blossoming altar of Fedhas.
  3660 | D:4      | Reached skill level 5 in Dodging
  3806 | D:4      | XOM: god gift: large opal ring {god gift}
  3846 | D:4      | XOM: summons 6 friendly demons
  3855 | D:4      | Killed Prince Ribbit
  3855 | D:4      | Reached XP level 7. HP: 14/31 MP: 12/12
  4035 | D:5      | Entered Level 5 of the Dungeon
  4039 | D:5      | XOM: swap monsters
  4082 | D:5      | Noticed Blork the orc
  4121 | D:5      | Reached skill level 5 in Stealth
  4288 | D:5      | Killed Blork the orc
  4332 | D:5      | Found a staircase to the Ecumenical Temple.
  4337 | Temple   | Entered the Ecumenical Temple
  4340 | Temple   | XOM: 6-stop teleportation journey
  4352 | Temple   | Fell from the grace of Xom
  4352 | Temple   | Became a worshipper of Vehumet
  4675 | D:5      | Reached skill level 7 in Unarmed Combat
  5005 | D:5      | Acquired Vehumet's first power
  5005 | D:5      | Offered knowledge of Shock by Vehumet.
  5030 | D:5      | Learned a level 1 spell: Shock
  5054 | D:5      | Reached skill level 1 in Conjurations
  5228 | D:5      | Reached XP level 8. HP: 34/34 MP: 8/13
  5525 | D:6      | Noticed Sigmund
  5586 | D:6      | Learned a level 2 spell: Repel Missiles
  5720 | D:5      | Reached skill level 1 in Air Magic
  5933 | D:6      | XOM: medium Trmt miscast
  5933 | D:6      | Killed by the capriciousness of Xom
  5934 | D:6      | Reached XP level 7. HP: 19/31 MP: 12/12
  5996 | D:7      | Reached skill level 1 in Charms
  6013 | D:7      | Noticed Edmund
  6040 | D:7      | Killed Edmund
  6040 | D:7      | Reached skill level 1 in Spellcasting
  6062 | D:7      | XOM: mild Trmt miscast
  6303 | D:7      | Noticed Dowan
  6354 | D:7      | Offered knowledge of Flame Tongue by Vehumet.
  6354 | D:7      | Reached XP level 8. HP: 32/34 MP: 16/16
  6357 | D:7      | Learned a level 1 spell: Flame Tongue
  6370 | D:7      | Noticed Nowbl's ghost (average TeAE)
  6429 | D:7      | Found a glowing golden altar of the Shining One.
  6429 | D:7      | Noticed an angel
  6440 | D:7      | Reached skill level 1 in Fire Magic
  6561 | D:7      | Slain by an orc warrior

Action                   |  1- 3 |  4- 6 |  7- 9 || total
-------------------------+-------+-------+-------++-------
Melee: Unarmed           |   113 |   213 |   301 ||   627
 Cast: Shock             |       |       |    45 ||    45
       Flame Tongue      |       |       |     9 ||     9
 Abil: Jump Attack       |       |       |     1 ||     1
Evoke: Wand              |       |       |     1 ||     1
  Use: Scroll            |       |     7 |     4 ||    11
       Potion            |       |       |     1 ||     1
 Stab: Sleeping          |     6 |     5 |     9 ||    20
       Paralysed         |       |     4 |       ||     4
